 Dungeon Crawl Stone Soup version 0.26-a0-639-g72c4674329 (webtiles) character file.

Game seed: 2220059369544775344

1727 DogServant the Skirmisher (level 8, -1/73 (74) HPs)
             Began as a Minotaur Gladiator on Sept 15, 2020.
             Was a Believer of Makhleb.
             Slain by a purple ugly thing (13 damage)
             ... on level 7 of the Dungeon.
             The game lasted 00:09:13 (7533 turns).

DogServant the Skirmisher (Minotaur Gladiator)      Turns: 7533, Time: 00:09:14

HP:   -1/73 (74)    AC:  5    Str: 21    XL:     8   Next: 75%
MP:   10/10         EV: 14    Int:  5    God:    Makhleb [**....]
Gold: 161           SH:  0    Dex: 12    Spells: 7/7 levels left

rFire    . . .     SeeInvis .   r - +0 executioner's axe
rCold    . . .     Faith    .   (shield currently unavailable)
rNeg     . . .     Spirit   .   b - +0 leather armour
rPois    .         Reflect  .   c - +0 hat
rElec    .         Harm     .   t - +1 cloak
rCorr    .         Rampage  .   (no gloves)
MR       .....                  (no boots)
Stlth    +.........             (no amulet)
HPRegen  0.22/turn              (no ring)
MPRegen  0.12/turn              (no ring)

@: no status effects
A: retaliatory headbutt, horns 2
a: Minor Destruction, Renounce Religion


You were on level 7 of the Dungeon.
You worshipped Makhleb.
Makhleb was pleased with you.
You visited 1 branch of the dungeon, and saw 7 of its levels.
You also visited: Ossuary.

You collected 281 gold pieces.
You spent 120 gold pieces at shops.

Inventory:

Hand Weapons
 a - a +0 long sword
 r - a +0 executioner's axe (weapon)
Missiles
 d - 4 throwing nets (quivered)
Armour
 b - a +0 leather armour (worn)
 c - a +0 hat (worn)
 e - a +0 pair of boots of rampaging
 t - a +1 cloak (worn)
Jewellery
 m - a cursed ring of stealth {unknown}
 u - an uncursed amulet of magic regeneration {unknown}
Wands
 l - a wand of iceblast (8)
Scrolls
 f - a scroll of fear
 g - 5 scrolls of teleportation
 i - 11 scrolls of identify
 o - a scroll of immolation {unknown}
 p - a scroll of remove curse {unknown}
 s - 2 scrolls of blinking {unknown}
 y - a scroll of holy word {unknown}
 A - a scroll of random uselessness {unknown}
 B - a scroll of amnesia {unknown}
 C - a scroll of noise {unknown}
 D - a scroll of fog {unknown}
Potions
 h - 2 potions of curing
 j - a potion of degeneration {unknown}
 k - 4 potions of lignification {unknown}
 n - 2 potions of haste {unknown}
 q - a potion of brilliance {unknown}
 v - a potion of invisibility {unknown}
 w - a potion of berserk rage {unknown}
 x - a potion of resistance {unknown}
 z - 2 potions of might {unknown}


   Skills:
 + Level 7.7 Fighting
 - Level 6.7 Long Blades
 * Level 6.3 Axes
 - Level 2.1 Throwing
 - Level 0.3 Armour
 - Level 4.6 Dodging
 + Level 4.9 Invocations


You had 7 spell levels left.
You didn't know any spells.
Your spell library contained the following spells:

 Spells                   Type           Power        Failure   Level
 Animate Skeleton         Necr           #.....       52%         1
 Apportation              Tloc           #.....       52%         1
 Corona                   Hex            #......      52%         1
 Sandblast                Erth           #.....       52%         1
 Summon Small Mammal      Summ           #...         52%         1
 Passwall                 Tmut/Erth      #.......     67%         2
 Slow                     Hex            #.......     67%         2
 Inner Flame              Hex/Fire       #.......     88%         3
 Portal Projectile        Hex/Tloc       #.....       88%         3
 Stone Arrow              Conj/Erth      #.....       88%         3
 Cause Fear               Hex            #.........   99%         4
 Leda's Liquefaction      Hex/Erth       #.........   99%         4
 Petrify                  Tmut/Erth      #.......     99%         4
 Lee's Rapid Deconstruct  Erth           #.........   100%        5


Dungeon Overview and Level Annotations

Branches:
Dungeon (7/15)             Temple (0/1) D:5         Ossuary (visited)

Altars:
Fedhas
Makhleb
Sif Muna
Wu Jian
Xom
Yredelemnul
Zin
The Shining One

Shops:
D:5 (

Annotations:
D:7 1 transporter


Innate Abilities, Weirdness & Mutations

You reflexively headbutt those who attack you in melee.
You have a pair of horns on your head.


Message History

You hit the purple ugly thing but do no damage.
The purple ugly thing is lightly wounded.
The purple ugly thing claws you!
The hound zombie bites you but does no damage.
The purple ugly thing claws you!
Your leather armour prevents you from hitting the purple ugly thing.
The purple ugly thing is lightly wounded.
You closely miss the hound zombie.
The hound zombie bites you but does no damage.
The hound zombie closely misses you. The purple ugly thing claws you!!
You barely miss the purple ugly thing.
The purple ugly thing is lightly wounded.
You closely miss the hound zombie.
The hound zombie bites you but does no damage.
The purple ugly thing claws you. The hound zombie bites you.
The purple ugly thing claws you!!
* * * LOW HITPOINT WARNING * * *
The hound zombie closely misses you. The purple ugly thing claws you!
You die...

,,,,,,#...# *.#.# *,* *,*
****#,#...# #.#.# *,* *,*
*####.#)..######.#.##*,* *,*
,........#..........#*,* *,*
*####.##.#..........#*,* *,*
***##.##............#*,***,*
,,.............Z....#*,,,,,*
,,)............u....#*******
**.........#####@####
8*#......#.# #.#
,,#......#.#* #.#
,,#......#..* #.#####
,,#..?...##.** #.....##
,©*.....,**..* #...#..##
..#..,,,,***.###..###..##
..#..,,,,* *..#..##.##..#
..#..<,,,* *#.#.##...##.#


You could see a purple ugly thing and a hound zombie.

Vanquished Creatures
  A sky beast (D:6)
  A necrophage (D:6)
  2 centaurs
  3 ogres
  A bullfrog (D:6)
  A scorpion (D:4)
  A howler monkey (D:6)
  A bullfrog zombie (D:5)
  2 centaur zombies
  7 hounds
  3 bullfrog skeletons
  2 orc wizards
  A centaur skeleton (D:3)
  An orc priest (D:4)
  Crazy Yiuf (D:2)
  2 iguanas
  A worker ant (D:4)
  A big kobold zombie (Ossuary)
  3 mummies (Ossuary)
  A hound zombie (Ossuary)
  3 gnolls (D:6)
  4 adders
  A howler monkey skeleton (D:4)
  3 oozes
  5 adder zombies (Ossuary)
  6 worms
  A dart slug (D:1)
  3 leopard geckos
  25 orcs
  A ball python (D:2)
  9 bats
  4 giant cockroaches
  5 gnoll zombies
  6 goblins
  13 hobgoblins
  4 jackals
  3 quokkas
  7 frilled lizards
  A goblin zombie (Ossuary)
  6 hobgoblin zombies (Ossuary)
  4 jackal zombies
  6 kobolds
  3 kobold zombies (Ossuary)
  2 orc zombies (Ossuary)
  3 quokka zombies (Ossuary)
  9 rats
  4 rat zombies (Ossuary)
177 creatures vanquished.

Vanquished Creatures (others)
  An orc wizard (D:4)
  2 orcs (D:7)
3 creatures vanquished.

Grand Total: 180 creatures vanquished

Notes
Turn   | Place    | Note
-------+----------+-------------------------------------------
     0 | D:1      | DogServant the Minotaur Gladiator began the quest for the
                  | Orb.
     0 | D:1      | Reached XP level 1. HP: 18/18 MP: 0/0
   314 | D:1      | Reached XP level 2. HP: 25/25 MP: 1/1
   617 | D:1      | Reached XP level 3. HP: 29/30 MP: 2/2
   851 | D:2      | Reached skill level 3 in Fighting
  1052 | D:2      | Found a runed translucent door.
  1053 | D:2      | Noticed Crazy Yiuf
  1484 | D:2      | Killed Crazy Yiuf
  1484 | D:2      | Reached XP level 4. HP: 25/38 MP: 3/3
  2110 | D:2      | Found a glowing golden altar of the Shining One.
  2371 | D:3      | Found a blossoming altar of Fedhas.
  2497 | D:3      | Reached XP level 5. HP: 45/46 MP: 4/4
  2523 | D:3      | Reached skill level 4 in Fighting
  2597 | D:3      | Reached skill level 5 in Long Blades
  2886 | D:3      | Found a burning altar of Makhleb.
  2886 | D:3      | Noticed a cacodemon
  2889 | D:3      | Noticed a hellwing
  2889 | D:3      | Noticed a ynoxinul
  3020 | D:3      | Became a worshipper of Makhleb the Destroyer
  3433 | D:4      | Reached XP level 6. HP: 51/55 MP: 5/5
  3475 | D:4      | Reached skill level 5 in Fighting
  3475 | D:4      | Reached skill level 1 in Invocations
  3574 | D:4      | Found an ornate altar of the Wu Jian Council.
  3656 | D:4      | Found a basalt altar of Yredelemnul.
  3782 | D:4      | Reached XP level 7. HP: 30/62 MP: 7/7
  3957 | D:4      | Reached * piety under Makhleb
  4359 | D:5      | Entered Level 5 of the Dungeon
  4400 | D:5      | Found Ucseur's Weapon Shoppe.
  4418 | D:5      | Reached skill level 6 in Fighting
  4421 | D:5      | Bought a +0 executioner's axe for 120 gold pieces
  4587 | D:5      | Reached skill level 1 in Axes
  4857 | D:5      | Found a staircase to the Ecumenical Temple.
  4978 | D:5      | Found a glowing silver altar of Zin.
  4978 | D:5      | Found a shimmering altar of Xom.
  4979 | D:5      | Found a shimmering blue altar of Sif Muna.
  5722 | D:6      | Reached XP level 8. HP: 45/70 MP: 9/9
  6141 | D:6      | Found a shimmering altar of Xom.
  6226 | D:6      | Reached skill level 7 in Fighting
  6564 | D:6      | Reached skill level 5 in Axes
  6852 | D:7      | Found a transporter.
  6928 | D:7      | Found a sand-covered staircase.
  6933 | Ossuary  | Entered an ossuary
  7049 | Ossuary  | Reached ** piety under Makhleb
  7521 | D:7      | Noticed a purple ugly thing
  7533 | D:7      | Slain by a purple ugly thing

Illustrated notes

Levels and vault maps discovered:
D:1:      dpeg_arrival_fog, layout_loops_ring
D:2:      layout_loops_ring, nicolae_tso_carved_into_rock, hex_large,
          uniq_crazy_yiuf_cottage
D:3:      layout_basic, fedhas_altar_3, minivault_24, kennysheep_small_spiral,
          makhleb_altar_promises_db
D:4:      layout_basic, lemuel_crystal_altar, lemuel_zombie_altar_yredelemnul,
          kennysheep_flooded_box
D:5:      layout_basic, gammafunk_temple_overflow_claw,
          minmay_temple_entry_tees, serial_shops, nicolae_shop_crystal
D:6:      layout_loops_corners, basic_altar, grunt_decor_mini_mirrors
D:7:      layout_basic, gammafunk_temple_overflow_arena, enter_ossuary_5

Skill      XL: |  1  2  3  4  5  6  7  8 |
---------------+-------------------------+-----
Long Blades    | 4 5 6 |  6.7
Fighting       | 3 4 5 6 7 |  7.7
Dodging        | 4 |  4.6
Invocations    | 2 3 4 |  4.9
Axes           | 3 6 |  6.3
Throwing       | |  2.1
Armour         | |  0.3

Action                   |  1- 3 |  4- 6 |  7- 9 || total
-------------------------+-------+-------+-------++-------
Melee: Long sword        |    65 |   142 |    17 ||   224
       Headbutt          |    14 |    22 |    36 ||    72
       Executioner's axe |       |       |   146 ||   146
Invok: Minor Destruction |       |       |     3 ||     3
  Use: Scroll            |       |       |     5 ||     5
 Stab: Sleeping          |       |     1 |       ||     1
Armor: Leather armour    |    17 |    18 |    46 ||    81
Dodge: Dodged            |    38 |    98 |   145 ||   281
       Rpst.: Long sword |    10 |    30 |     5 ||    45

Table legend: (Time is in decaauts)
 A = Elapsed time spent in this place.
 B = Non-inter-level travel time spent in this place.
 C = Inter-level travel time spent in this place.
 D = Time resting spent in this place.
 E = Time spent auto-exploring this place.
 F = Levels seen in this place.
 G = Mean time per level.
                   A        B        C        D        E       F      G
               +--------+--------+--------+--------+--------+-----+--------+
         Total |   7678 |   7401 |    277 |    623 |   5698 |   8 |  959.8 |
       Dungeon |   7212 |   6935 |    277 |    623 |   5367 |   7 | 1030.3 |
       Ossuary |    465 |    465 |      0 |      0 |    331 |   1 |  465.0 |
               +--------+--------+--------+--------+--------+-----+--------+

Top non-repeatable levels by time:
     D:2: 1559 daAuts
     D:6: 1490 daAuts
     D:4: 1119 daAuts
     D:5: 1067 daAuts
     D:3: 881 daAuts
     D:1: 831 daAuts
 Ossuary: 465 daAuts
     D:7: 263 daAuts
